 Dungeon Crawl Stone Soup version 0.25-a0-253-g6f1b5d974a (webtiles) character file.

Game seed: 7985935897098454978, levelgen mode: classic

9711 Borgoz the Carver (level 11, -7/71 HPs)
             Began as a Gargoyle Gladiator on Dec 6, 2019.
             Was a Follower of Ashenzari.
             Mangled by a freezing wraith (16 damage)
             ... led by a death knight
             ... on level 10 of the Dungeon.
             The game lasted 00:21:07 (11243 turns).

Borgoz the Carver (Gargoyle Gladiator)             Turns: 11243, Time: 00:21:08

Health: -7/71      AC: 15    Str: 28    XL:     11   Next: 50%
Magic:  11/11      EV: 15    Int: 11    God:    Ashenzari [*.....]
Gold:   466        SH:  0    Dex: 11    Spells: 7/10 levels left

rFire    . . .     SeeInvis .   b - +2 demon blade (freeze) (curse)
rCold    . . .     Gourm    .   (no shield)
rNeg     + . .     Faith    .   I - +1 leather armour of the Endless Runes {Str+7 Int+2} (curse)
rPois    ∞         Spirit   .   c - +0 helmet
rElec    +         Reflect  .   (no cloak)
rCorr    .         Harm     .   (no gloves)
MR       .....                  y - +0 pair of boots
Stlth    +.........             (no amulet)
HPRegen  0.21/turn              (no ring)
MPRegen  0.12/turn              (no ring)

@: slowed, very slow
A: negative energy resistance 1, electricity resistance, unbreathing,
petrification resistance, rot immunity, AC +8
a: Curse Item, Scrying, Renounce Religion


You were on level 10 of the Dungeon.
You worshipped Ashenzari.
Ashenzari was aware of your devotion.
You were hungry.

You visited 2 branches of the dungeon, and saw 12 of its levels.

You collected 466 gold pieces.

Inventory:

Hand Weapons
 a - a +4 scimitar
 b - a cursed +2 demon blade of freezing (weapon)
Missiles
 d - 7 throwing nets (quivered)
Armour
 c - a +0 helmet (worn)
 y - a +0 pair of boots (worn)
 D - the +7 Kryia's mail coat {PotionHeal*2 rC+}
   (You found it on level 4 of the Dungeon)

   It protects you from cold.
 I - the cursed +1 leather armour of the Endless Runes (worn) {Str+7 Int+2}
   (You found it on level 9 of the Dungeon)

   It affects your strength (+7).
   It affects your intelligence (+2).
   It has a curse placed upon it.
 K - +0 steam dragon scales
Jewellery
 J - an uncursed amulet of harm
Wands
 r - a wand of disintegration (29)
 s - a wand of acid (7)
 x - a wand of digging (6)
 B - a wand of random effects (18)
 C - a wand of iceblast (21)
 E - a wand of scattershot (5)
Scrolls
 e - a scroll of fear
 g - 3 scrolls of teleportation
 i - a scroll of noise
 j - 2 scrolls of random uselessness {unknown}
 l - a scroll of blinking {unknown}
 n - 2 scrolls of enchant armour
 o - 3 scrolls of magic mapping {unknown}
 p - 2 scrolls of identify
 u - 4 scrolls of remove curse
Potions
 k - a potion of haste
 m - 2 potions of mutation {unknown}
 q - 2 potions of degeneration {unknown}
 v - a potion of might
 w - 2 potions of flight
 z - 2 potions of magic
 A - 2 potions of resistance {unknown}
 F - a potion of berserk rage {unknown}
Comestibles
 f - 17 rations


   Skills:
 + Level 9.0 Fighting
 * Level 10.6 Long Blades
 - Level 1.7 Throwing
 + Level 8.6 Armour
 + Level 7.1 Dodging


You had 7 spell levels left.
You knew the following spells:

 Your Spells              Type           Power        Failure   Level  Hunger
a - Confuse               Hex            #.......     75%         3    ####...

Your spell library contained the following spells:

 Spells                   Type           Power        Failure   Level  Hunger
 Corona                   Hex            #......      36%         1    ##.....
 Infusion                 Chrm           #...         36%         1    ##.....
 Summon Small Mammal      Summ           #...         36%         1    ##.....
 Call Imp                 Summ           #.......     52%         2    ###....
 Ensorcelled Hibernation  Hex/Ice        #.....       52%         2    ###....
 Shroud of Golubria       Chrm/Tloc      #.....       52%         2    ###....
 Song of Slaying          Chrm           #.......     52%         2    ###....
 Call Canine Familiar     Summ           #.......     75%         3    ####...
 Dazzling Flash           Conj/Hex       #.....       75%         3    ####...
 Regeneration             Chrm/Necr      #.........   75%         3    ####...
 Spectral Weapon          Hex/Chrm       #.......     75%         3    ####...
 Summon Guardian Golem    Hex/Summ       #.......     75%         3    ####...
 Tukima's Dance           Hex            #.......     75%         3    ####...
 Summon Ice Beast         Ice/Summ       #.......     98%         4    #####..
 Summon Lightning Spire   Summ/Air       #.......     98%         4    #####..


Dungeon Overview and Level Annotations

Branches:
Dungeon (11/15)            Temple (1/1) D:7
   Lair: D:8-11         Orc: D:9-12

Altars:
Ashenzari
Cheibriados
Dithmenos
Elyvilon
Fedhas
Gozag
Hepliaklqana
Kikubaaqudgha
Makhleb
Nemelex Xobeh
Okawaru
Qazlal
Ru
Sif Muna
Trog
Uskayaw
Vehumet
Wu Jian
Xom
Yredelemnul
Zin
The Shining One

Shops:
D:5 }*:!

Annotations:
D:6 1 runed translucent door
D:11 Snorg


Innate Abilities, Weirdness & Mutations

You are resistant to torment.
Your stone body is resilient. (AC +8)
You are immune to poison.
You resist negative energy. (rN+)
You are resistant to electric shocks. (rElec)
You can survive without breathing.
You are immune to petrification.
You are immune to rotting.


Message History

You feel better.
The freezing wraith closely misses you. x2
You hit the freezing wraith.
The freezing wraith is heavily damaged.
The freezing wraith barely misses you.
You riposte.
You closely miss the freezing wraith.
The freezing wraith is heavily damaged.
The freezing wraith closely misses you.
You barely miss the freezing wraith.
The freezing wraith is heavily damaged.
The freezing wraith hits you but does no damage.
The freezing wraith hits you.
* * * LOW HITPOINT WARNING * * *
The freezing wraith drains your vigour!
You feel as though you will be slow longer.
You closely miss the freezing wraith.
The freezing wraith is heavily damaged.
The freezing wraith hits you.
* * * LOW HITPOINT WARNING * * *
The freezing wraith freezes you!
You die...

#.............#......#....#..#..#
#..)......(...'......#....####..#
..............#......#...÷#..#..#
..............#......#.......#..#
...))...####..#......#....#..####
....).........#......######...#..
#<..).........#......#....'...#..
#.............#).W...#....#...#..
#.............#)@....#....#...#..
#.......###'###......######...#..
........#.....#......'........'..
........#.....#......#........#..
#################################


You could see a freezing wraith.

Vanquished Creatures
  A spark wasp (shapeshifter) (D:10)
  Harold (D:9)
  Pikel (D:4)
  A gargoyle (D:10)
  A freezing wraith (D:10)
  2 hippogriffs
  A vampire (D:10)
  A wyvern (D:8)
  The ghost of grouchysmurf the Chopper, an amateur HOAK of Lugonu (D:4)
  9 yaks
  2 hungry ghosts
  A steam dragon (D:10)
  Edmund (D:5)
  A water moccasin (D:4)
  Duvessa (D:7)
  2 orc warriors
  2 ice beasts (D:9)
  4 slaves (D:4)
  A sky beast (D:8)
  2 necrophages
  6 ogres
  2 black bears
  5 phantoms
  A centaur (D:7)
  2 bullfrogs (D:7)
  Dowan (D:7)
  3 scorpions
  12 wights
  2 howler monkeys
  An electric eel (D:10)
  A crimson imp (D:7)
  A jelly (D:9)
  6 orc priests
  4 hounds
  A gnoll shaman (D:7)
  3 bullfrog skeletons
  Jessica (D:3)
  13 orc wizards
  2 iguanas
  12 worker ants
  2 hound zombies
  2 hound skeletons
  A howler monkey zombie (D:9)
  A worker ant zombie (D:9)
  7 gnolls
  11 adders
  2 shadow imps
  An ooze (D:4)
  An adder zombie (D:5)
  2 adder skeletons
  A worm (D:5)
  A dart slug (D:1)
  5 leopard geckos
  23 orcs
  6 giant cockroaches
  9 goblins
  6 hobgoblins
  2 jackals (D:10)
  4 quokkas
  2 ball pythons
  7 bats
  4 frilled lizards (D:2)
  4 kobolds
  A quokka skeleton (D:4)
  6 rats
226 creatures vanquished.

Vanquished Creatures (others)
  A gnoll (D:10)
1 creature vanquished.

Grand Total: 227 creatures vanquished

Notes
Turn   | Place    | Note
-------+----------+-------------------------------------------
     0 | D:1      | Borgoz the Gargoyle Gladiator began the quest for the Orb.
     0 | D:1      | Reached XP level 1. HP: 12/12 MP: 1/1
   131 | D:1      | Reached XP level 2. HP: 18/18 MP: 2/2
   214 | D:1      | Reached skill level 3 in Long Blades
  1010 | D:2      | Reached skill level 1 in Armour
  1095 | D:2      | Reached XP level 3. HP: 22/22 MP: 3/3
  1209 | D:2      | Reached XP level 4. HP: 22/27 MP: 4/4
  1877 | D:3      | Noticed Jessica
  1896 | D:3      | Killed Jessica
  1896 | D:3      | Reached XP level 5. HP: 14/32 MP: 5/5
  2832 | D:4      | Reached skill level 4 in Long Blades
  2885 | D:4      | Noticed a phantom
  2958 | D:4      | Killed a phantom
  2958 | D:4      | Reached XP level 6. HP: 9/38 MP: 6/6
  3826 | D:4      | Reached XP level 7. HP: 40/43 MP: 7/7
  3833 | D:4      | Noticed Pikel
  3855 | D:4      | Killed Pikel
  3855 | D:4      | Reached skill level 5 in Long Blades
  3855 | D:4      | Reached XP level 8. HP: 21/48 MP: 8/8
  4026 | D:4      | Found a runed translucent door.
  4027 | D:4      | Found the +7 Kryia's mail coat {PotionHeal*2 rC+}
  4027 | D:4      | Noticed grouchysmurf's ghost (amateur HOAK)
  4188 | D:4      | Reached skill level 5 in Fighting
  4188 | D:4      | Reached skill level 6 in Long Blades
  4303 | D:4      | Killed grouchysmurf's ghost
  4449 | D:5      | Entered Level 5 of the Dungeon
  4466 | D:5      | Noticed an air elemental
  4468 | D:5      | Found a stormy altar of Qazlal.
  4471 | D:5      | Noticed a water elemental
  4488 | D:5      | Found Tiyvit's General Store.
  4512 | D:5      | Found an ancient bone altar of Kikubaaqudgha.
  4553 | D:5      | Found Etopp's Distillery.
  4597 | D:5      | Noticed Edmund
  4610 | D:5      | Killed Edmund
  4610 | D:5      | Reached skill level 5 in Armour
  4625 | D:5      | Found Lurewnud's Gadget Shop.
  4639 | D:5      | Reached skill level 7 in Long Blades
  4639 | D:5      | Reached XP level 9. HP: 53/55 MP: 9/9
  4958 | D:5      | Found Anostamn's Book Shoppe.
  5453 | D:6      | Reached skill level 5 in Dodging
  5502 | D:6      | Found a glowing silver altar of Zin.
  5503 | D:6      | Found a runed translucent door.
  5503 | D:6      | Noticed an angel
  6220 | D:7      | Found a staircase to the Ecumenical Temple.
  6258 | Temple   | Entered the Ecumenical Temple
  6370 | Temple   | Became a worshipper of Ashenzari the Shackled
  6719 | D:7      | Reached skill level 8 in Long Blades
  6719 | D:7      | Noticed Duvessa
  6723 | D:7      | Noticed Dowan
  6727 | D:7      | Killed Duvessa
  6745 | D:7      | Killed Dowan
  7085 | D:7      | Reached XP level 10. HP: 63/63 MP: 10/10
  7298 | D:8      | Learned a level 3 spell: Confuse
  7734 | D:8      | Reached skill level 9 in Long Blades
  7856 | D:8      | Found a shadowy altar of Dithmenos.
  8773 | D:9      | Reached * piety under Ashenzari
  8998 | D:9      | Noticed Harold
  9021 | D:9      | Killed Harold
  9021 | D:9      | Reached skill level 10 in Long Blades
  9021 | D:9      | Reached XP level 11. HP: 65/69 MP: 11/11
  9441 | D:9      | Got the cursed leather armour of the Endless Runes {Str+7
                  | Int+2}
  9511 | D:9      | Identified the cursed +1 leather armour of the Endless
                  | Runes {Str+7 Int+2} (You found it on level 9 of the
                  | Dungeon)
  9529 | D:10     | Entered Level 10 of the Dungeon
 10240 | D:10     | Found an iron altar of Okawaru.
 10443 | D:10     | Noticed a spark wasp
 10458 | D:10     | Killed a spark wasp
 11076 | D:11     | Noticed Snorg
 11227 | D:11     | Noticed a death knight
 11227 | D:11     | Noticed a skeletal warrior
 11228 | D:11     | Noticed a skeletal warrior
 11243 | D:10     | Mangled by a freezing wraith

Levels and vault maps discovered:
D:1:      dpeg_arrival_chambers_temple_mockup, layout_loops_ring
D:2:      layout_loops_ring, first_ration, chequers_arboretum, minmay_vboxes
D:3:      layout_loops_corners, uniq_jessica
D:4:      layout_gridville, ebering_ghost_inner_flame, st_stairs_10, uniq_pikel
D:5:      layout_cave_pools, lemuel_coloured_pillars_altar, serial_shops, shop,
          nicolae_shop_waterfront, shop, shop_statue,
          nicolae_qazlal_style_of_elements, uniq_edmund
D:6:      layout_basic, chequers_serial_rivers_micro_a,
          ebering_dispersal_statue_hall, lemuel_angel_altar
D:7:      layout_basic, minmay_temple_entry_statues_pillars, grunt_ogre_cave,
          uniq_duvessa
D:8:      layout_layer_cave, grunt_dithmenos_shadows
D:9:      layout_gridville, uniq_harold
D:10:     layout_grid_maze, nicolae_lava_and_water, okawaru_metal_pillars_1_2
D:11:     layout_rooms, erik_lair_dragon, serial_shops,
          nicolae_shop_behind_doors, basic_altar, uniq_snorg
Temple:   kilobyte_greek_temple

Skill      XL: |  1  2  3  4  5  6  7  8  9 10 11 |
---------------+----------------------------------+-----
Long Blades    | 3 4 5 7 8 10 | 10.6
Armour         | 1 2 3 4 5 6 8 |  8.6
Fighting       | 3 4 5 7 8 9 |  9.0
Dodging        | 3 4 5 6 7 |  7.1
Throwing       | |  1.7

Action                   |  1- 3 |  4- 6 |  7- 9 | 10-12 || total
-------------------------+-------+-------+-------+-------++-------
Melee: Long sword        |    83 |   197 |    62 |       ||   342
       Scimitar          |       |       |    41 |       ||    41
       Demon blade       |       |       |   194 |   360 ||   554
Invok: Curse Item        |       |       |       |     1 ||     1
Evoke: Wand              |       |       |    12 |     2 ||    14
  Use: Scroll            |       |     8 |     2 |     4 ||    14
       Potion            |       |     3 |     2 |     6 ||    11
 Stab: Invisible         |       |       |       |     2 ||     2
  Eat: Chunk             |     1 |     9 |     3 |    16 ||    29
       Ration            |       |       |     5 |       ||     5
Armor: Leather armour    |    43 |    78 |       |    43 ||   164
       Ring mail         |       |     2 |    19 |       ||    21
       Scale mail        |       |       |   172 |   150 ||   322
Dodge: Dodged            |    48 |   177 |   199 |   208 ||   632
       Rpst.: Long sword |    15 |    50 |    10 |       ||    75
       Scimitar          |       |       |     9 |       ||     9
       Demon blade       |       |       |    39 |    60 ||    99

Table legend:
 A = Non-vault XP
 B = Vault XP
 C = Vault XP percentage of total XP
 D = Non-vault monster count
 E = Vault monster count
 F = Vault count percentage of total count
                 A         B        C        D         E       F
            +---------+---------+-------+---------+---------+-------
      Total |   11087 |    2786 |  20.1 |     206 |      16 |   7.2
            +---------+---------+-------+---------+---------+-------
        D:1 |      25 |       0 |   0.0 |      16 |       0 |   0.0
        D:2 |      66 |      30 |  31.2 |      18 |       4 |  18.2
        D:3 |      47 |      37 |  44.0 |      17 |       1 |   5.6
        D:4 |     474 |    1056 |  69.0 |      21 |       5 |  19.2
        D:5 |     602 |     166 |  21.6 |      20 |       1 |   4.8
        D:6 |     707 |       0 |   0.0 |       9 |       0 |   0.0
        D:7 |    1289 |     345 |  21.1 |      32 |       3 |   8.6
        D:8 |    1973 |     129 |   6.1 |      19 |       1 |   5.0
        D:9 |    2269 |    1023 |  31.1 |      27 |       1 |   3.6
       D:10 |    3635 |       0 |   0.0 |      27 |       0 |   0.0
            +---------+---------+-------+---------+---------+-------
